 Dungeon Crawl Stone Soup version 0.24-a0-92-g7d8ec57 (console) character file.

Game seed: 3553997675547580368

32 Duffy the Skirmisher (level 3, 29/34 HPs)
             Began as a Naga Fighter on Feb 9, 2019.
             Quit the game on level 1 of the Dungeon.
             The game lasted 00:00:54 (486 turns).

Duffy the Skirmisher (Naga Fighter)                  Turns: 486, Time: 00:00:56

Health: 29/34      AC:  4    Str: 18    XL:     3   Next: 25%
Magic:  3/3        EV:  5    Int:  9    God:
Gold:   0          SH:  8    Dex: 10    Spells: 2/2 levels left

rFire    . . .     SeeInvis +   a - +0 war axe
rCold    . . .     Gourm    .   c - +0 shield
rNeg     . . .     Faith    .   b - +0 scale mail
rPois    +         Spirit   .   (no helmet)
rElec    .         Reflect  .   (no cloak)
rCorr    .         Harm     .   (no gloves)
MR       .....                  (no barding)
Stlth    ..........             (no amulet)
HPRegen  0.11/turn              (no ring)
MPRegen  0.08/turn              (no ring)

@: very slow
A: large, see invisible, deformed body, poison resistance, slowness 2, slow
metabolism 1, spit poison 1, AC +1
a: Spit Poison


You were on level 1 of the Dungeon.
You were not hungry.

You visited 1 branch of the dungeon, and saw 1 of its levels.

Inventory:

Hand Weapons
 a - a +0 war axe (weapon)
Armour
 b - a +0 scale mail (worn)
 c - a +0 shield (worn)
Scrolls
 g - a scroll of remove curse {unknown}
Potions
 d - a potion of might
 e - a potion of ambrosia {unknown}
Comestibles
 f - a ration
 h - 10 chunks of flesh


   Skills:
 - Level 3.0 Fighting
 + Level 2.9 Axes
 - Level 2.4 Armour
 + Level 3.0 Shields


You had 2 spell levels left.
You didn't know any spells.
Your spell library was empty.

Dungeon Overview and Level Annotations

Branches:
Dungeon (1/15)

Altars:


Innate Abilities, Weirdness & Mutations

You cannot wear boots.
Your serpentine skin is tough. (AC +1)
You have supernaturally acute eyesight. (SInv)
Armour fits poorly on your strangely shaped body.
Your system is resistant to poisons. (rPois)
You cover ground very slowly.
You have a slow metabolism.
You can spit poison.


Message History

The frilled lizard barely misses you. The jackal bites you.
The frilled lizard bites you.
You closely miss the jackal.
The jackal is lightly wounded.
You closely miss the frilled lizard. The jackal bites you.
The jackal bites you but does no damage.
You block the frilled lizard's attack.
You slash the jackal!
You kill the jackal!
You miss the frilled lizard. The frilled lizard barely misses you.
You closely miss the frilled lizard.
The frilled lizard bites you but does no damage. x2
You slash the frilled lizard!
You kill the frilled lizard!
No target in view!
No target in view!
The jackal is too close now for your liking.
A jackal is nearby!
A jackal is nearby!
Are you sure you want to abandon this character and quit the game? (Confirm with "yes".)

+....%.............
##..................
........#............
........#............
........#............
........#)###########
#########.#.#
h#....%..#...#########
.......@..............
.#######.##...........
#%###.#........ #.#
#.%........ #.#
##......... #.#
#.........
##.####.......##
#......#......#
######.#......+


You could see a jackal (wandering).

Vanquished Creatures
  A gnoll (D:1)
  3 dart slugs (D:1)
  2 bats (D:1)
  5 jackals (D:1)
  A frilled lizard (D:1)
  2 kobolds (D:1)
  2 rats (D:1)
16 creatures vanquished.

Notes
Turn   | Place    | Note
-------+----------+-------------------------------------------
     0 | D:1      | Duffy the Naga Fighter began the quest for the Orb.
     0 | D:1      | Reached XP level 1. HP: 21/21 MP: 1/1
    81 | D:1      | Reached XP level 2. HP: 9/28 MP: 2/2
   413 | D:1      | Reached XP level 3. HP: 33/34 MP: 3/3
   486 | D:1      | Quit the game

Levels and vault maps discovered:
D:1:      saegor_arrival_simple_c, layout_basic, serial_park_tiny_2,
          minmay_liquid_box

Skill      XL: |  1  2 |
---------------+-------+-----
Shields        | 3 |  3.0
Fighting       | |  3.0
Axes           | |  2.9
Armour         | |  2.4

Action                   || total
-------------------------++-------
Melee: War axe           ||    52
 Abil: Spit Poison       ||     3
Armor: Scale mail        ||    42
Dodge: Dodged            ||    18
Block: Shield            ||    41

Table legend:
 A = Non-vault XP
 B = Vault XP
 C = Vault XP percentage of total XP
 D = Non-vault monster count
 E = Vault monster count
 F = Vault count percentage of total count
                 A         B        C        D         E       F
            +---------+---------+-------+---------+---------+-------
      Total |      46 |       0 |   0.0 |      16 |       0 |   0.0
            +---------+---------+-------+---------+---------+-------
        D:1 |      46 |       0 |   0.0 |      16 |       0 |   0.0
            +---------+---------+-------+---------+---------+-------
